[Event "98th Caplin Hastings Masters 2024-25"]
[Site "Hastings"]
[Date "2025.01.01"]
[Round "7.36"]
[White "Verbytski, Oleg"]
[Black "Jacobs, Simon"]
[Result "1-0"]
[ECO "B13"]
[WhiteElo "2033"]
[BlackElo "1873"]
[Annotator "NA RC"]
[PlyCount "63"]
[EventDate "2024.12.23"]
[EventType "swiss"]
[EventCountry "ENG"]
[SourceTitle "playchess.com"]
[Source "ChessBase"]
[SourceQuality "1"]
[TimeControl "5400+30"]

1. e4 c6 2. d4 d5 3. exd5 cxd5 4. c4 Nf6 5. Nc3 Nc6 6. Nf3 a6 7. c5 Bg4 8. Be2 g6 9. h3 Bxf3 10. Bxf3 Bg7 11. Be3 e6 12. Rb1 O-O 13. O-O h6 14. b4 Nh7 15. a4 a5 16. b5 Nb4 17. g3 Ng5 18. Bg2 f5 19. Qd2 Kh7 20. Na2 Nxa2 21. Qxa2 Ne4 22. Bxe4 fxe4 23. Rfd1 g5 24. b6 Qd7 25. Rb5 Rf3 26. Kg2 Qf7 27. Qd2 Kg6 28. Rc1 e5 29. dxe5 Bxe5 30. c6 Rxe3 31. Qxe3 Kh5 32. c7 1-0

[Event "98th Caplin Hastings Masters 2024-25"]
[Site "Hastings"]
[Date "2025.01.01"]
[Round "7.37"]
[White "Fryer, David W"]
[Black "Bhatia, Kanishka"]
[Result "0-1"]
[ECO "C41"]
[WhiteElo "1928"]
[BlackElo "2018"]
[Annotator "NA RC"]
[PlyCount "86"]
[EventDate "2024.12.23"]
[EventType "swiss"]
[EventCountry "ENG"]
[SourceTitle "playchess.com"]
[Source "ChessBase"]
[SourceQuality "1"]
[TimeControl "5400+30"]

1. e4 d6 2. d4 Nf6 3. Nc3 Nbd7 4. Nf3 e5 5. Bc4 h6 6. h3 Be7 7. a4 c6 8. Ba2 Qc7 9. Be3 Nf8 10. Qd2 Bd7 11. a5 Ng6 12. O-O Nh5 13. Rfe1 Ngf4 14. Kh2 Qc8 15. dxe5 Nxg2 16. e6 Bxe6 17. Bxe6 Nxe1 18. Bxf7+ Kxf7 19. Rxe1 Rf8 20. Rg1 Kg8 21. Nd4 d5 22. exd5 Bd6+ 23. Kg2 Nf4+ 24. Bxf4 Bxf4 25. Qd3 cxd5 26. Nxd5 Qd7 27. Ne2 Bd6 28. f4 Rad8 29. c4 Qe8 30. Rf1 Qh5 31. Qf3 Qg6+ 32. Kh1 Rf7 33. f5 Rdf8 34. f6 Qc2 35. b3 Re8 36. Rf2 Qd1+ 37. Kg2 Bc5 38. Nef4 Qa1 39. Ng6 Bxf2 40. Nde7+ Rexe7 41. Nxe7+ Rxe7 42. Qd5+ Rf7 43. Qd8+ Kh7 0-1

[Event "98th Caplin Hastings Masters 2024-25"]
[Site "Hastings"]
[Date "2025.01.01"]
[Round "7.38"]
[White "Rayner, Francis"]
[Black "Raffin-Sumyk, Piermael"]
[Result "0-1"]
[ECO "A27"]
[WhiteElo "2013"]
[BlackElo "1512"]
[Annotator "NA RC"]
[PlyCount "85"]
[EventDate "2024.12.23"]
[EventType "swiss"]
[EventCountry "ENG"]
[SourceTitle "playchess.com"]
[Source "ChessBase"]
[SourceQuality "1"]
[TimeControl "5400+30"]

1. c4 e5 2. Nc3 Nc6 3. Nf3 Bc5 4. e3 d6 5. a3 a6 6. d4 exd4 7. exd4 Ba7 8. h3 h6 9. Be2 Nf6 10. O-O O-O 11. Be3 Re8 12. Qc2 Ne7 13. Bd3 d5 14. c5 c6 15. b4 Be6 16. Ne5 Qc8 17. g4 Bb8 18. f4 Bc7 19. Rae1 Ne4 20. f5 Bd7 21. Nxe4 dxe4 22. Bxe4 f6 23. Qc4+ Kh7 24. Nd3 Bg3 25. Re2 Qc7 26. Bf4 Bxf4 27. Nxf4 Rad8 28. Kg2 Bc8 29. Kf3 Qb8 30. Rfe1 Nd5 31. Bxd5 cxd5 32. Qd3 Bd7 33. Re7 Bc6 34. R1e3 Bb5 35. Qd2 Rxe7 36. Rxe7 Re8 37. Qe3 Qd8 38. Rxe8 Bxe8 39. Qe6 Bd7 40. Qf7 Bc6 41. Nh5 Qg8 42. Nxf6+ Kh8 43. Qxg8# 0-1

[Event "98th Caplin Hastings Masters 2024-25"]
[Site "Hastings"]
[Date "2025.01.01"]
[Round "7.39"]
[White "Dewangan, Aayush"]
[Black "Zhu, Yaoyao"]
[Result "1-0"]
[ECO "C56"]
[WhiteElo "1878"]
[BlackElo "1990"]
[Annotator "TA"]
[PlyCount "113"]
[EventDate "2024.12.23"]
[EventType "swiss"]
[EventCountry "ENG"]
[SourceTitle "playchess.com"]
[Source "ChessBase"]
[SourceQuality "1"]
[TimeControl "5400+30"]

1. e4 e5 2. Nf3 Nc6 3. d4 exd4 4. Bc4 Nf6 5. e5 d5 6. Bb5 Nd7 7. O-O Be7 8. Re1 O-O 9. Bxc6 bxc6 10. Nxd4 Nb8 11. c3 c5 12. Nb3 (12. Ne2 $11) 12... c4 (12... Qd7 $17) 13. N3d2 (13. Nd4 $11) 13... a5 14. f4 (14. b3 $15) 14... f5 ({Black should try} 14... Na6 $17 15. Qf3 Bf5) 15. Nf3 c5 16. a4 Na6 17. Na3 Nc7 18. b3 cxb3 19. Qxb3 Be6 20. Bd2 Rb8 21. Qc2 Qd7 22. c4 dxc4 (22... Rb4 $5 23. cxd5 (23. Bxb4 axb4 24. cxd5 Qxd5 $15) 23... Nxd5 24. Bxb4 axb4 $15 (24... cxb4 25. Nb5 $11)) 23. Bxa5 (23. Nxc4 $11 {keeps the balance.} Nd5 24. Red1) 23... Nd5 $17 24. Qd2 $2 (24. Nxc4 $17 Nxf4 25. Reb1) 24... Qxa4 $19 25. Rec1 c3 $1 26. Bxc3 Qxf4 27. Rab1 Qa4 28. Ra1 Rfd8 (28... Rb3 $19 {is more deadly.} 29. Nb1 Qe4) 29. Ba5 $17 Nb6 30. Qe1 Qc6 31. Rab1 c4 32. Nb5 (32. Nc2 $17 {might work better.}) 32... Bc5+ $19 33. Kh1 Rd7 $2 (33... Rd3 $19 {...Rxf3 is the strong threat.} 34. Qf1 Bd5) 34. Bc3 (34. Nd6 $15 Bd5 35. Qe2) 34... Rbd8 $17 35. Nbd4 $2 (35. Nd6 $17) 35... Bxd4 $19 (35... Rxd4 36. Nxd4 Rxd4 (36... Bxd4 37. Qh4 $14) 37. Bxd4 Bxd4 38. Rd1 $11) 36. Nxd4 Rxd4 37. Bxd4 Rxd4 38. Qb4 (38. Qg1 $142 Qc5 39. Rb5 Qxb5 40. Qxd4) 38... Rg4 $19 39. Rb2 Bd5 40. Rcc2 Nd7 41. Qe7 (41. Qd6 $142 Qxd6 42. exd6) 41... h6 $19 42. h3 Rg5 43. Re2 (43. Qd6 $142 Rg6 44. Qxc6 Rxc6 45. Rb5) 43... c3 $19 44. Rbc2 Be4 45. e6 Nf8 $4 (45... Nf6 $19 {and life is good for Black.} 46. Qb4 Bxg2+ 47. Rxg2 Rxg2 (47... Qxe6 48. Qxc3 Kh7 49. Qf3 $15) 48. Rxc3 Qd5 (48... Qxe6 49. Kxg2 Qe2+ 50. Kg1 $15)) 46. Qf7+ $18 Kh7 47. e7 (47. Qxf8 $2 Rg3 (47... Qxe6 48. Qa3 $11) (47... Bxc2 48. e7 $11) 48. Kh2 Rd3 $19 (48... Qc7 49. Rxe4 Rd3+ 50. Kg1 $17)) 47... Bxg2+ $2 (47... Rg3 $18 48. exf8=Q (48. exf8=R Rxh3+ 49. Kg1 Qb6+ 50. Rf2 Qb1+ 51. Rf1 Rh1+ 52. Kxh1 Qxf1+ 53. Kh2 Bxc2 $11) 48... Bxg2+ 49. Kg1 (49. Rxg2 Rxh3+ 50. Kg1 Qb6+ 51. Rcf2 Qb1+ 52. Rf1 Rh1+ 53. Kxh1 Qxf1+ 54. Kh2 Qf4+ 55. Kh1 Qh4+ 56. Rh2 Qe4+ 57. Rg2 Qe1+ 58. Rg1 Qh4+ 59. Kg2 Qg4+ 60. Kf2 Qf4+ 61. Kg2 Qg4+ 62. Kf2 Qf4+ 63. Ke2 Qe4+ 64. Kf2 Qf4+ $11) 49... Bd5+ 50. Rg2 Bxf7 51. Rxg3 Qf6) 48. Rxg2 Qf3 49. exf8=N+ (49. exf8=R Qd1+ 50. Kh2 Qd6+ 51. Kh1 Qd1+ 52. Kh2 Qd6+ 53. Kh1 Qd1+ $11) (49. exf8=Q Qxh3+ 50. Kg1 Rxg2+ 51. Rxg2 Qe3+ 52. Rf2 Qe1+ 53. Kg2 Qe4+ 54. Rf3 Qe2+ 55. Kg3 Qe1+ 56. Kh3 Qh1+ 57. Kg3 Qe1+ 58. Kg2 Qe2+ 59. Rf2 Qg4+ 60. Kh2 Qh4+ 61. Kg1 Qg4+ 62. Rg2 Qd4+ 63. Kf1 Qd1+ 64. Kf2 Qd2+ 65. Kf3 Qd3+ 66. Kf4 Qe4+ 67. Kg3 Qg4+ 68. Kf2 Qf4+ 69. Kg1 Qd4+ 70. Kf1 Qd1+ 71. Kf2 Qd2+ 72. Kf3 Qd3+ 73. Kf2 Qd2+ $11) 49... Kh8 50. Ng6+ Kh7 51. Kh2 Qe4 52. Rxg5 hxg5 53. Rf2 (53. Rxc3 Qe2+ 54. Kg1 Qe1+ 55. Kg2 Qe2+ 56. Kg1 Qe1+ 57. Kg2 Qe2+ 58. Kg3 Qe1+ 59. Kh2 Qf2+ 60. Kh1 Qf1+ 61. Kh2 Qf2+ 62. Kh1 Qe1+ 63. Kg2 $11) 53... c2 54. Nf8+ Kh8 55. Qh5+ ({Inferior is} 55. Rxf5 Qe2+ (55... c1=B 56. Qh5+ Kg8 57. Qh7#) 56. Kg3 Qe1+ (56... c1=B $2 {is the wrong capture.} 57. Ne6 $18) (56... c1=Q 57. Ng6+ Kh7 58. Nf8+ Kh8 59. Ng6+ Kh7 60. Nf8+ Kh8 $11) 57. Kh2 Qd2+ (57... c1=B 58. Qh5+ Kg8 59. Qh7#) 58. Kg3 Qd6+ (58... c1=B 59. Qh5+ Kg8 60. Qh7#) 59. Kg4 Qd4+ (59... c1=B 60. Qh5+ Qh6 61. Ng6+ Kh7 62. Rf8 Qxh5+ 63. Kxh5 Be3 64. Rh8#) (59... c1=Q 60. Ng6+ Kh7 61. Nf8+ Kh8 62. Qh5+ Qh6 63. Ng6+ Kh7 64. Nf8+ Kg8 65. Qf7+ Kh8 66. Ng6+ Kh7 67. Nf8+ Kh8 68. Ng6+ Kh7 69. Nf8+ Kh8 $11) 60. Kf3 (60. Kh5 $2 {leads to mate.} Qh4+ 61. Kg6 Qh6#) 60... Qd1+ (60... c1=B 61. Qh5+ Kg8 62. Qh7#) 61. Kf2 c1=Q (61... c1=B $2 62. Qg6 $18) 62. Ng6+ Kh7 63. Nf8+ Kh8 64. Ng6+ Kh7 65. Nf8+ Kh8 $11) 55... Kg8 56. Qh7+ Kxf8 57. Qxf5+ 1-0

[Event "98th Caplin Hastings Masters 2024-25"]
[Site "Hastings"]
[Date "2025.01.01"]
[Round "7.40"]
[White "Vaidyanathan, Sathya"]
[Black "Dette, Jan"]
[Result "0-1"]
[ECO "B13"]
[WhiteElo "1908"]
[BlackElo "2102"]
[Annotator "NA RC"]
[PlyCount "78"]
[EventDate "2024.12.23"]
[EventType "swiss"]
[EventCountry "ENG"]
[SourceTitle "playchess.com"]
[Source "ChessBase"]
[SourceQuality "1"]
[TimeControl "5400+30"]

1. e4 c6 2. d4 d5 3. exd5 cxd5 4. Bd3 Nf6 5. c3 Bg4 6. Qb3 Qc7 7. h3 Bd7 8. Ne2 Nc6 9. Bf4 e5 10. dxe5 Nxe5 11. Bxe5 Qxe5 12. Qxb7 Rb8 13. Qxa7 Rxb2 14. Qd4 Qg5 15. Qe3+ Qxe3 16. fxe3 Bc5 17. O-O Bxe3+ 18. Kh1 O-O 19. a4 Ne4 20. Bxe4 dxe4 21. Nd4 f5 22. Na3 Bxd4 23. cxd4 Bxa4 24. Nc4 Rb4 25. Nd6 g6 26. d5 Rd4 27. Nb7 Bb5 28. Rfd1 Bd3 29. d6 Rb8 30. Ra7 e3 31. Nc5 e2 32. Re1 Rb1 33. Ra1 Rxa1 34. Rxa1 Rxd6 35. Kh2 Bc4 36. Ra8+ Kf7 37. Ra7+ Kf6 38. g4 e1=Q 39. g5+ Kxg5 0-1

[Event "98th Caplin Hastings Masters 2024-25"]
[Site "Hastings"]
[Date "2025.01.01"]
[Round "7.41"]
[White "Zhou, Yang-Fan"]
[Black "Briem, Benedikt"]
[Result "1-0"]
[ECO "C54"]
[WhiteElo "2424"]
[BlackElo "2132"]
[Annotator "TA"]
[PlyCount "51"]
[EventDate "2024.12.23"]
[EventType "swiss"]
[EventCountry "ENG"]
[SourceTitle "playchess.com"]
[Source "ChessBase"]
[SourceQuality "1"]
[TimeControl "5400+30"]

1. e4 e5 2. Nf3 Nc6 3. Bc4 Bc5 4. d3 Nf6 5. c3 O-O 6. O-O d5 7. exd5 Nxd5 8. a4 Bg4 9. a5 a6 10. Nbd2 {[%emt 0:00:00] White is slightly better.} b5 11. axb6 Nxb6 12. Rxa6 (12. Bxa6 Nb8 13. b4 Be7 $11) (12. Ne4 {is interesting.} Nxc4 13. Nxc5 Nb6 14. h3) 12... Nxc4 13. Rxa8 Qxa8 14. Nxc4 Rd8 15. Qe2 (15. Ncxe5 $2 {too greedy.} Nxe5 16. Nxe5 Bxd1 $19) (15. h3 $14 Bh5 16. b4 (16. Ncxe5 $2 {loses.} Nxe5 17. Bg5 Bxf3 $19)) 15... Bf5 (15... f6 $11) 16. Rd1 (16. Ncxe5 {keeps more tension.} Nxe5 17. Nxe5 f6 18. g4) 16... e4 17. dxe4 $16 Rxd1+ 18. Qxd1 Bxe4 19. b4 $36 {[%emt 0:00:00][%mdl 2048] Black is under strong pressure.} Bf8 20. Bf4 Ne7 21. Ne3 {[%emt 0:00:00] White is more active. A dynamic duo of knights.} (21. Bxc7 $2 {perishes.} Bxf3 22. gxf3 Qc6 $19) 21... Ng6 (21... Qa3 $142) 22. Bg3 (22. Bxc7 $16 {Hoping for Ne5.} Qc6 23. Ng5 Qxc3 24. Nxe4 Qxc7 25. b5) 22... Qc6 {[%emt 0:10:06] Black cannot hold the game after this.} (22... Qa3 $14) 23. Ng5 $18 h6 {[%emt 0:02:31] [#]} (23... Bxg2 {was worth a try.} 24. Nxg2 Qxc3) 24. b5 $1 Qxb5 (24... Qa8) (24... Qe8 25. Nxe4) 25. Nxe4 f5 26. Qh5 {[%emt 0:00:00] Weighted Error Value: White=0.23 (precise) /Black=0.45.  Mistake:       	White=2     	Black=6      Inaccurate:     	White=1     	Black=2      OK:         	White=5     	Black=6      Best:        	White=4     	Black=1} 1-0

[Event "98th Caplin Hastings Masters 2024-25"]
[Site "Hastings"]
[Date "2025.01.01"]
[Round "7.42"]
[White "Muir, Andrew J"]
[Black "Flynn, David"]
[Result "1-0"]
[ECO "A58"]
[WhiteElo "2214"]
[BlackElo "1834"]
[Annotator "TA"]
[PlyCount "71"]
[EventDate "2024.12.23"]
[EventType "swiss"]
[EventCountry "ENG"]
[SourceTitle "playchess.com"]
[Source "ChessBase"]
[SourceQuality "1"]
[TimeControl "5400+30"]

1. d4 Nf6 2. c4 c5 3. d5 b5 4. cxb5 a6 5. bxa6 e6 6. Nc3 exd5 7. Nxd5 Be7 8. e4 Nxe4 $2 (8... O-O $14) 9. Qf3 $1 $18 {[%emt 0:13:38] Active counter play!} Ng5 (9... f5 $142) 10. Bxg5 $1 (10. Nf6+ $6 Bxf6 11. Qxa8 Nxa6) 10... Bxg5 11. Qe4+ $1 Kf8 12. f4 Bh6 13. Nf3 Nc6 (13... d6 {keeps fighting.} 14. Bc4 Bxa6) 14. Bc4 Bxa6 15. O-O Bxc4 16. Qxc4 d6 {[%emt 0:00:39] Prevents Ne5} 17. Rad1 g6 18. Qb5 (18. f5 $18 {and White stays clearly on top.}) 18... Ne7 19. Nb6 {[%emt 0:13:19] A dynamic duo of knights.} Ra7 20. Ne5 $40 {[%emt 0:00:53][%mdl 128] White is out for blood.} (20. Qxc5 dxc5 21. Rxd8+ Kg7 22. Rxh8 Kxh8 $14) 20... Kg7 21. Qb3 ({Better is} 21. Nbc4 $16 d5 (21... Nf5 22. Nc6 $16) 22. Qxc5) 21... Rf8 $14 22. g4 (22. Ng4 $14 {was preferable.}) 22... f6 23. Nec4 $1 Nc8 24. Nxc8 (24. g5 fxg5 25. f5 Nxb6 26. Rxd6 Qc7 27. Rxb6 g4 28. f6+) 24... Qxc8 25. Qg3 (25. Rxd6 Qxg4+ 26. Qg3 Qe2 $15) (25. Qh3 d5 26. Nb6 Qb7 27. Nxd5 Qxb2 28. a4) 25... Kg8 26. Rxd6 Rxa2 ({Black should play} 26... Ra4 $11 27. g5 fxg5) 27. Rfd1 (27. Qb3 $14 Ra8 (27... Qxg4+ $2 28. Kh1 $18) 28. f5) 27... Re8 $2 {[%emt 0:02:39][%mdl 8192] [#]} (27... Qe8 $11 {and Black has nothing to worry.}) 28. h3 $2 (28. Rxf6 Qa8 $11) (28. Nb6 $1 $18 Qb8 29. Qb3+ (29. Rxf6 Rxb2 30. Nc4 Rb1 $17) 29... Kh8 30. Qxa2 Bxf4 31. Qf7 (31. Rxf6 Qe5 $18) 31... Bxd6 32. Qxf6+ Kg8 33. Rxd6 (33. Qxd6 Qxd6 34. Rxd6 Re4 $18)) 28... Qb7 29. Rxf6 Qe7 30. Rfd6 (30. g5 {is interesting.} Qe2 31. Qb3 Bg7 32. Ne5+) 30... Qe4 (30... Qe2 $11 31. Qd3 Bxf4 32. Rxg6+ hxg6 33. Qxg6+ Kh8 34. Qf6+ Kg8 35. Qg6+) 31. Qb3 $16 Qxf4 $2 {[%emt 0:01:08][%mdl 8192] [#]} 32. Rf1 $1 $18 ({Inferior is} 32. Qxa2 Qg3+ 33. Kh1 Qxh3+ 34. Kg1 Qxg4+ 35. Kh1 Qh3+ 36. Kg1 Qg4+ 37. Kh1 Qh3+ 38. Kg1 Qg4+ $11) 32... Ra1 33. Rxa1 {[%emt 0:00:56][%cal Bf1a1,Ba1a8,Ba8g8][%mdl 32] Threatens to win with Rf1.} Re2 34. Ne5+ Kf8 35. Ra8+ Kg7 36. Rg8# 1-0

[Event "98th Caplin Hastings Masters 2024-25"]
[Site "Hastings"]
[Date "2025.01.01"]
[Round "7.43"]
[White "Rubeck, Jonathan"]
[Black "Gorainow, Nikita"]
[Result "1/2-1/2"]
[ECO "B22"]
[WhiteElo "1824"]
[BlackElo "2045"]
[Annotator "NA RC"]
[PlyCount "88"]
[EventDate "2024.12.23"]
[EventType "swiss"]
[EventCountry "ENG"]
[SourceTitle "playchess.com"]
[Source "ChessBase"]
[SourceQuality "1"]
[TimeControl "5400+30"]

1. e4 c5 2. c3 Nf6 3. e5 Nd5 4. d4 cxd4 5. cxd4 d6 6. Nf3 e6 7. Bc4 Nc6 8. O-O Be7 9. Re1 O-O 10. Bd2 Qc7 11. Qe2 dxe5 12. dxe5 Rd8 13. Na3 a6 14. Rac1 b5 15. Bd3 Bb7 16. Bb1 Rac8 17. Nc2 Qb6 18. Ne3 Nf4 19. Qf1 Nxe5 20. Rxc8 Nxf3+ 21. gxf3 Rxc8 22. Nf5 exf5 23. Bxf4 Qg6+ 24. Bg3 Bb4 25. Re5 Qh6 26. f4 Qc6 27. f3 g6 28. Kg2 Bd6 29. Re1 Bb4 30. Rd1 Re8 31. a3 Bc5 32. Ba2 Qf6 33. Rd2 Re3 34. Qc1 Bxf3+ 35. Kf1 Bf8 36. Bf2 Re7 37. Qc8 Qc6 38. Rd8 Qxc8 39. Rxc8 Bb7 40. Rb8 Rc7 41. Bb6 Rc1+ 42. Kf2 Bc8 43. Bd4 Bd6 44. Ra8 Rc7 1/2-1/2

[Event "98th Caplin Hastings Masters 2024-25"]
[Site "Hastings"]
[Date "2025.01.01"]
[Round "7.44"]
[White "Norinkeviciute, Rasa"]
[Black "Lee, Jungsoo"]
[Result "0-1"]
[ECO "A26"]
[WhiteElo "1952"]
[BlackElo "1705"]
[Annotator "NA RC"]
[PlyCount "66"]
[EventDate "2024.12.23"]
[EventType "swiss"]
[EventCountry "ENG"]
[SourceTitle "playchess.com"]
[Source "ChessBase"]
[SourceQuality "1"]
[TimeControl "5400+30"]

1. c4 Nf6 2. g3 g6 3. Bg2 Bg7 4. Nc3 O-O 5. d3 d6 6. e4 e5 7. Nge2 Nc6 8. h3 Nd4 9. O-O c5 10. a3 a5 11. Rb1 Ne8 12. f4 f5 13. Nd5 Nf6 14. exf5 Nxf5 15. Kh2 Nxd5 16. Bxd5+ Kh8 17. Nc3 Ne7 18. Bg2 Be6 19. Ne4 Qd7 20. Bd2 Nc6 21. Nc3 Ne7 22. Qb3 Rab8 23. Qb6 Nc6 24. Nd5 Bf5 25. Be4 Bxh3 26. Rh1 Qg4 27. Rbe1 exf4 28. Nxf4 Be5 29. Rhg1 Rxf4 30. gxf4 Qh4 31. Rh1 Rf8 32. Bxc6 Rxf4 33. Rxe5 Rf2+ 0-1

[Event "98th Caplin Hastings Masters 2024-25"]
[Site "Hastings"]
[Date "2025.01.01"]
[Round "7.45"]
[White "Wilson, Matthew R"]
[Black "Graham, Oliver"]
[Result "1-0"]
[ECO "A01"]
[WhiteElo "1766"]
[BlackElo "1789"]
[Annotator "NA RC"]
[PlyCount "97"]
[EventDate "2024.12.23"]
[EventType "swiss"]
[EventCountry "ENG"]
[SourceTitle "playchess.com"]
[Source "ChessBase"]
[SourceQuality "1"]
[TimeControl "5400+30"]

1. b3 d5 2. Bb2 Nc6 3. e3 e5 4. Bb5 Bd6 5. f4 Qh4+ 6. g3 Qe7 7. fxe5 Bxe5 8. Bxc6+ bxc6 9. Bxe5 Qxe5 10. Nc3 Ba6 11. Qg4 Nh6 12. Qf4 Qe7 13. Qa4 Bb7 14. Nxd5 Qe5 15. Nc3 O-O 16. Nge2 Qf5 17. O-O-O a5 18. Rhf1 Qe5 19. Qf4 Qe7 20. Kb1 f6 21. Na4 Nf7 22. Nd4 Ne5 23. Nf5 Qd8 24. Nc5 Bc8 25. d4 Ng6 26. Qf3 Bxf5 27. Qxf5 Re8 28. e4 Re7 29. h4 Rb8 30. h5 Nf8 31. h6 Qd6 32. hxg7 Kxg7 33. g4 Ng6 34. g5 fxg5 35. Qxg5 Rbe8 36. e5 Qd5 37. c4 Qd8 38. Qf6+ Kg8 39. Qxc6 Kh8 40. Qf6+ Kg8 41. Ne4 Rf8 42. Qg5 Rxf1 43. Rxf1 Qxd4 44. Nf6+ Kh8 45. Qf5 Rxe5 46. Qc8+ Kg7 47. Qg8+ Kh6 48. Qxh7+ Kg5 49. Qh5# 1-0

[Event "98th Caplin Hastings Masters 2024-25"]
[Site "Hastings"]
[Date "2025.01.01"]
[Round "7.46"]
[White "Miller, Daniel"]
[Black "Vaidyanathan, Adithya"]
[Result "0-1"]
[ECO "A04"]
[WhiteElo "2093"]
[BlackElo "1904"]
[Annotator "NA RC"]
[PlyCount "94"]
[EventDate "2024.12.23"]
[EventType "swiss"]
[EventCountry "ENG"]
[SourceTitle "playchess.com"]
[Source "ChessBase"]
[SourceQuality "1"]
[TimeControl "5400+30"]

1. g3 c5 2. Bg2 g6 3. c3 Bg7 4. Nf3 Nc6 5. O-O e5 6. e4 Nge7 7. h4 d6 8. d3 h6 9. Be3 Qb6 10. Na3 Be6 11. Qc1 f5 12. b4 fxe4 13. bxc5 dxc5 14. Rb1 exf3 15. Bxf3 Qc7 16. Nb5 Qd7 17. Bxc5 O-O 18. Be4 Rad8 19. Nxa7 Rf6 20. c4 Bf5 21. Qa3 Bxe4 22. dxe4 Nc8 23. Nb5 b6 24. Be3 Nd4 25. Rfd1 Rc6 26. Kg2 Qg4 27. Bxd4 Qxe4+ 28. f3 Qe2+ 29. Kh3 exd4 30. Rbc1 Qe7 31. Qa8 Qd7+ 32. Kg2 Nd6 33. Qa4 Nxb5 34. Qxb5 Re6 35. Qxd7 Rxd7 36. Rd3 Re2+ 37. Kf1 Rxa2 38. c5 bxc5 39. Rxc5 Rb7 40. Rc1 Rbb2 41. g4 Rf2+ 42. Kg1 Rg2+ 43. Kf1 Rh2 44. Kg1 Rxh4 45. Rb3 Rhh2 46. Rc7 Rhc2 47. Rb8+ Kh7 0-1

[Event "98th Caplin Hastings Masters 2024-25"]
[Site "Hastings"]
[Date "2025.01.01"]
[Round "7.47"]
[White "Chapman, Luke"]
[Black "Keely, Leo A"]
[Result "0-1"]
[ECO "B01"]
[WhiteElo "1706"]
[BlackElo "1899"]
[Annotator "NA RC"]
[PlyCount "58"]
[EventDate "2024.12.23"]
[EventType "swiss"]
[EventCountry "ENG"]
[SourceTitle "playchess.com"]
[Source "ChessBase"]
[SourceQuality "1"]
[TimeControl "5400+30"]

1. e4 d5 2. exd5 Nf6 3. Bb5+ Nbd7 4. d4 Nxd5 5. Nf3 g6 6. O-O Bg7 7. Re1 O-O 8. Bf1 b6 9. c4 N5f6 10. g3 Bb7 11. Bg2 e6 12. Nc3 h6 13. Bf4 a6 14. Qc2 Nh5 15. Bd2 Rc8 16. Rad1 c6 17. Ne4 Qc7 18. Qc1 g5 19. h4 f5 20. hxg5 fxe4 21. Rxe4 c5 22. d5 exd5 23. Rh4 d4 24. Ne1 Nxg3 25. fxg3 Qxg3 26. Rh3 Qf2+ 27. Kh1 Qf1+ 28. Kh2 Be5+ 29. Rg3 Qf2 0-1

[Event "98th Caplin Hastings Masters 2024-25"]
[Site "Hastings"]
[Date "2025.01.01"]
[Round "7.48"]
[White "Swiatkowski, Dominik"]
[Black "Ruane, Brendan J"]
[Result "1-0"]
[ECO "C63"]
[WhiteElo "1744"]
[BlackElo "1869"]
[Annotator "NA RC"]
[PlyCount "60"]
[EventDate "2024.12.23"]
[EventType "swiss"]
[EventCountry "ENG"]
[SourceTitle "playchess.com"]
[Source "ChessBase"]
[SourceQuality "1"]
[TimeControl "5400+30"]

1. e4 e5 2. Nf3 Nc6 3. Bb5 f5 4. d3 fxe4 5. dxe4 Nf6 6. O-O d6 7. Bc4 Bg4 8. h3 Bh5 9. Qd3 h6 10. a4 Nd7 11. g4 Nc5 12. Qe2 Bg6 13. Nc3 Qd7 14. Rd1 a6 15. b4 Ne6 16. Bxe6 Qxe6 17. Nd5 Rc8 18. Bb2 Be7 19. b5 Nb8 20. Qc4 Kf7 21. Qd3 axb5 22. axb5 Nd7 23. Ba3 c6 24. Nxe7 Qxe7 25. Bxd6 Qe6 26. bxc6 Rxc6 27. Ra7 Rhc8 28. Rxb7 Kg8 29. Rxd7 Qxd7 30. Nxe5 Qe8 1-0

[Event "98th Caplin Hastings Masters 2024-25"]
[Site "Hastings"]
[Date "2025.01.01"]
[Round "7.49"]
[White "Kim, Nayoon B"]
[Black "Buckland, Louis"]
[Result "0-1"]
[ECO "A10"]
[WhiteElo "1663"]
[BlackElo "1856"]
[Annotator "NA RC"]
[PlyCount "48"]
[EventDate "2024.12.23"]
[EventType "swiss"]
[EventCountry "ENG"]
[SourceTitle "playchess.com"]
[Source "ChessBase"]
[SourceQuality "1"]
[TimeControl "5400+30"]

1. c4 b6 2. Nc3 Bb7 3. e4 e6 4. d3 Bb4 5. Bd2 Ne7 6. g3 O-O 7. Bg2 Na6 8. a3 Bxc3 9. Bxc3 d5 10. exd5 exd5 11. Ne2 Nc5 12. O-O Ne6 13. Re1 Qd7 14. Qc1 c5 15. b4 Rac8 16. Nf4 Nxf4 17. Qxf4 Ng6 18. Qg5 d4 19. Bxb7 Qxb7 20. Bb2 f6 21. Qh5 Ne5 22. Red1 Rfe8 23. f4 g6 24. Qh3 Nf3+ 0-1

[Event "98th Caplin Hastings Masters 2024-25"]
[Site "Hastings"]
[Date "2025.01.01"]
[Round "7.50"]
[White "Choi, Hyunbin"]
[Black "Stokes, Stephen"]
[Result "0-1"]
[ECO "B04"]
[WhiteElo "1673"]
[BlackElo "1866"]
[Annotator "NA RC"]
[PlyCount "110"]
[EventDate "2024.12.23"]
[EventType "swiss"]
[EventCountry "ENG"]
[SourceTitle "playchess.com"]
[Source "ChessBase"]
[SourceQuality "1"]
[TimeControl "5400+30"]

1. e4 Nf6 2. e5 Nd5 3. d4 d6 4. c4 Nb6 5. Nf3 g6 6. exd6 cxd6 7. Be2 Bg7 8. O-O O-O 9. Nc3 Nc6 10. Be3 Bg4 11. b3 Re8 12. Rc1 d5 13. c5 Nc8 14. h3 Bxf3 15. Bxf3 e6 16. Qd2 a6 17. Rfd1 N8e7 18. Na4 Nf5 19. Bg5 Bf6 20. Bxf6 Qxf6 21. Nb6 Rad8 22. Qf4 Kg7 23. Rd3 Nfxd4 24. Qc7 Re7 25. Qg3 Nxf3+ 26. Rxf3 Nd4 27. Rxf6 Ne2+ 28. Kh2 Nxg3 29. Rf4 Ne4 30. f3 Nf6 31. Na4 Rc7 32. Nb2 e5 33. Rb4 Nd7 34. Nd3 f6 35. Ra4 Rdc8 36. b4 f5 37. Ra3 Kf6 38. Rac3 Nb8 39. a4 Nc6 40. b5 axb5 41. axb5 Nd4 42. Rb1 e4 43. c6 bxc6 44. b6 Re7 45. Nb4 Ke5 46. Na6 Rb7 47. Nc5 Rbb8 48. Nd7+ Kd6 49. Nxb8 Rxb8 50. Rd1 Nb5 51. Rc2 Rxb6 52. Kg3 Ke5 53. fxe4 fxe4 54. Rc5 Nd4 55. Rc3 Ne2+ 0-1

[Event "98th Caplin Hastings Masters 2024-25"]
[Site "Hastings"]
[Date "2025.01.01"]
[Round "7.52"]
[White "Bryant, Marc A"]
[Black "Prudent, Sylvio"]
[Result "0-1"]
[ECO "B00"]
[WhiteElo "1825"]
[BlackElo "1780"]
[Annotator "NA RC"]
[PlyCount "62"]
[EventDate "2024.12.23"]
[EventType "swiss"]
[EventCountry "ENG"]
[SourceTitle "playchess.com"]
[Source "ChessBase"]
[SourceQuality "1"]
[TimeControl "5400+30"]

1. e4 b6 2. d4 Bb7 3. Nc3 e6 4. Bf4 Bb4 5. Bd3 Nf6 6. f3 Nc6 7. a3 Bxc3+ 8. bxc3 Qe7 9. Bg5 h6 10. Bh4 g5 11. Bg3 Nh5 12. Ne2 O-O-O 13. Bf2 Ng7 14. c4 d5 15. cxd5 exd5 16. c3 h5 17. Qa4 Na5 18. O-O dxe4 19. fxe4 Bxe4 20. Ba6+ Kb8 21. Rae1 h4 22. h3 Qd6 23. Nc1 f5 24. c4 Ne6 25. c5 Qd5 26. cxb6 axb6 27. Re2 Nf4 28. Rb2 Bc2 29. Bb7 Kxb7 30. Rxb6+ cxb6 31. Na2 Qxg2# 0-1